 Dungeon Crawl Stone Soup version 0.26-a0-752-gcff87cac9a (webtiles) character file.

Game seed: 10637666400944265447

1255 Queen the Spear-Bearer (level 8, -2/64 HPs)
             Began as a Merfolk Gladiator on Nov 6, 2020.
             Slain by an ogre
             ... wielding a +0 giant spiked club
              (29 damage)
             ... while paralysed by Grinder
             ... on level 5 of the Dungeon.
             The game lasted 00:10:15 (5779 turns).

Queen the Spear-Bearer (Merfolk Gladiator)          Turns: 5779, Time: 00:10:16

Health: -2/64      AC:  6    Str: 17    XL:     8   Next: 51%
Magic:  8/8        EV:  2    Int:  7    God:
Gold:   207        SH:  0    Dex: 15    Spells: 7/7 levels left

rFire    . . .     SeeInvis .   a - +0 trident
rCold    . . .     Faith    .   (no shield)
rNeg     . . .     Spirit   .   b - +0 leather armour
rPois    +         Reflect  .   c - +0 helmet
rElec    .         Harm     .   r - +0 cloak
rCorr    .         Rampage  .   (no gloves)
MR       .....                  q - +0 pair of boots
Stlth    +.........             s - amulet of the acrobat
HPRegen  0.20/turn              t - ring of poison resistance
MPRegen  0.11/turn              (no ring)

@: paralysed
A: change form in water, swift swim, stealthy swim
a: no special abilities


You were on level 5 of the Dungeon.
You visited 1 branch of the dungeon, and saw 5 of its levels.

You collected 207 gold pieces.

Inventory:

Hand Weapons
 a - a +0 trident (weapon)
Missiles
 d - 3 throwing nets (quivered)
Armour
 b - a +0 leather armour (worn)
 c - a +0 helmet (worn)
 q - a +0 pair of boots (worn)
 r - a +0 cloak (worn)
Jewellery
 s - an amulet of the acrobat (around neck)
 t - a ring of poison resistance (left hand)
 y - an uncursed amulet of faith {unknown}
Wands
 n - a wand of iceblast (8)
 w - a wand of random effects (19)
Scrolls
 e - 2 scrolls of enchant armour {unknown}
 j - 3 scrolls of identify {@r1}
 k - a scroll of magic mapping
 m - a scroll of enchant weapon {unknown}
 p - a scroll of amnesia {unknown}
 v - a scroll of fog {unknown}
Potions
 f - 2 potions of haste
 g - 2 potions of might {unknown}
 h - a potion of attraction {unknown}
 i - 2 potions of heal wounds {unknown}
 l - a potion of magic {unknown}
 o - a potion of flight {unknown}
 u - a potion of lignification {unknown}
 x - a potion of berserk rage {unknown}


   Skills:
 + Level 5.8 Fighting
 * Level 10.9 Polearms
 - Level 2.0 Throwing
 + Level 7.6 Dodging


You had 7 spell levels left.
You didn't know any spells.
Your spell library contained the following spells:

 Spells                   Type           Power        Failure   Level
 Animate Skeleton         Necr           #.....       50%         1
 Pain                     Necr           #...         50%         1
 Blink                    Tloc           N/A          65%         2
 Confusing Touch          Hex            #.......     86%         3
 Gell's Gravitas          Tloc           #.........   86%         3
 Lesser Beckoning         Tloc           #.........   86%         3
 Teleport Other           Tloc           #.......     86%         3
 Vampiric Draining        Necr           #.........   86%         3
 Animate Dead             Necr           #.........   99%         4
 Passage of Golubria      Tloc           N/A          99%         4
 Petrify                  Tmut/Erth      #.......     99%         4
 Agony                    Necr           #.......     100%        5
 Metabolic Englaciation   Hex/Ice        #.........   100%        5
 Yara's Violent Unravell  Hex/Tmut       #.........   100%        5


Dungeon Overview and Level Annotations

Branches:
Dungeon (5/15)
 Temple: D:4-7

Altars:
Fedhas
Hepliaklqana
Kikubaaqudgha
Qazlal
Sif Muna
Wu Jian
Zin
The Shining One

Annotations:
D:3 2 runed translucent doors, triki's ghost, amateur GnEn
D:5 Grinder


Message History

You hit the ogre.
The ogre is lightly wounded.
The ogre misses you. The centaur skeleton barely misses you.
You completely miss the ogre.
The ogre is lightly wounded.
The centaur skeleton closely misses you.
The ogre hits you with a +0 giant spiked club!
You puncture the ogre!
The ogre is heavily wounded.
The centaur skeleton hits you.
You puncture the ogre!
The ogre is severely wounded.
The centaur skeleton misses you.
The ogre hits you with a +0 giant spiked club!!
Grinder gestures at you.
You suddenly lose the ability to move!
The centaur skeleton hits you.
The centaur skeleton hits you but does no damage.
The ogre hits you with a +0 giant spiked club!!
You die...

........####...###.######........
#.......# #.....##...............
.. ......#....###..#............
..........................
..####.####.........####.. .
##...[.##......##... ##.
#.......#.......##..# ##
.#.......#.#...####..####
....._.Z@..##..#.#..###..
.#.....O.#.#............#
#.....5.#......#.......#
##.....##..##..###.###..
###.####..##......#...o ...
....##......#.... ....
###..###..#.....#. ... ##.#
#.###...##. .... .... #...###


You could see Grinder, an ogre and a centaur skeleton.

Vanquished Creatures
  Prince Ribbit (D:5)
  An ice beast (D:5)
  3 phantoms
  An ogre (D:4)
  Blork the orc (D:5)
  A scorpion (D:4)
  An orc priest (D:3)
  3 hounds (D:4)
  Crazy Yiuf (D:3)
  2 orc wizards
  An iguana (D:5)
  A worker ant (D:4)
  A hound skeleton (D:4)
  Robin (D:2)
  5 adders
  An ooze (D:1)
  6 worms
  An adder skeleton (D:5)
  3 dart slugs
  6 leopard geckos
  15 orcs
  7 giant cockroaches
  15 hobgoblins
  16 jackals
  13 kobolds
  4 quokkas
  8 bats
  8 frilled lizards
  17 goblins
  12 rats
156 creatures vanquished.

Notes
Turn   | Place    | Note
-------+----------+-------------------------------------------
     0 | D:1      | Queen the Merfolk Gladiator began the quest for the Orb.
     0 | D:1      | Reached XP level 1. HP: 16/16 MP: 1/1
   115 | D:1      | Reached XP level 2. HP: 15/23 MP: 2/2
   253 | D:1      | Reached skill level 5 in Polearms
   313 | D:1      | Reached XP level 3. HP: 25/28 MP: 3/3
  1187 | D:2      | Reached XP level 4. HP: 19/35 MP: 4/4
  1194 | D:2      | Reached skill level 6 in Polearms
  1431 | D:2      | Noticed Robin
  1606 | D:3      | Found a large runed translucent door.
  1606 | D:3      | Found a large runed translucent door.
  1606 | D:3      | Noticed triki's ghost (amateur GnEn)
  1699 | D:2      | Reached skill level 5 in Dodging
  1703 | D:2      | Reached XP level 5. HP: 41/41 MP: 5/5
  2001 | D:2      | Killed Robin
  2620 | D:3      | Reached skill level 7 in Polearms
  2672 | D:3      | Found an ancient bone altar of Kikubaaqudgha.
  3144 | D:3      | Reached XP level 6. HP: 48/48 MP: 6/6
  3163 | D:3      | Noticed a phantom
  3190 | D:3      | Killed a phantom
  3349 | D:3      | Reached skill level 8 in Polearms
  3524 | D:3      | Found a runed translucent door.
  3525 | D:3      | Noticed Crazy Yiuf
  3728 | D:3      | Killed Crazy Yiuf
  4053 | D:4      | Reached XP level 7. HP: 48/55 MP: 7/7
  4427 | D:4      | Reached skill level 9 in Polearms
  4735 | D:4      | Reached skill level 5 in Fighting
  4747 | D:4      | Found an ornate altar of the Wu Jian Council.
  4750 | D:4      | Found a glowing golden altar of the Shining One.
  4750 | D:4      | Found a hazy altar of Hepliaklqana.
  4763 | D:4      | Found a blossoming altar of Fedhas.
  4767 | D:4      | Found a shimmering blue altar of Sif Muna.
  5118 | D:5      | Entered Level 5 of the Dungeon
  5137 | D:5      | Reached XP level 8. HP: 60/62 MP: 8/8
  5194 | D:5      | Reached skill level 10 in Polearms
  5307 | D:5      | Found a glowing silver altar of Zin.
  5370 | D:5      | Noticed Prince Ribbit
  5431 | D:5      | Killed Prince Ribbit
  5437 | D:5      | Noticed Blork the orc
  5629 | D:5      | Found a stormy altar of Qazlal.
  5640 | D:5      | Killed Blork the orc
  5770 | D:5      | Noticed Grinder
  5777 | D:5      | Paralysed by Grinder for 7 turns
  5779 | D:5      | Slain by an ogre

Illustrated notes

Levels and vault maps discovered:
D:1:      heliophobic_arrival_glass_houses, layout_basic
D:2:      layout_rooms, uniq_robin
D:3:      layout_loops_ring, marbit_many_paths, ebering_ghost_disaster_area,
          uniq_crazy_yiuf_cottage
D:4:      layout_loops_ring, minmay_overflow_temple_star_hex,
          corexii_checkpoint_a
D:5:      layout_cave_pools, old_standard_altar, old_standard_altar,
          uniq_prince_ribbit1, uniq_grinder, uniq_blork_the_orc

Skill      XL: |  1  2  3  4  5  6  7  8 |
---------------+-------------------------+-----
Polearms       | 5 6 7 8 9 10 | 10.9
Fighting       | 3 4 5 |  5.8
Dodging        | 5 6 7 |  7.6
Throwing       | |  2.0

Action                   |  1- 3 |  4- 6 |  7- 9 || total
-------------------------+-------+-------+-------++-------
Melee: Trident           |   127 |   292 |   217 ||   636
  Use: Scroll            |       |     5 |       ||     5
 Stab: Sleeping          |     1 |     3 |     1 ||     5
Armor: Leather armour    |    26 |    47 |    34 ||   107
Dodge: Dodged            |    95 |   166 |   114 ||   375

Table legend: (Time is in decaauts)
 A = Elapsed time spent in this place.
 B = Non-inter-level travel time spent in this place.
 C = Inter-level travel time spent in this place.
 D = Time resting spent in this place.
 E = Time spent auto-exploring this place.
 F = Levels seen in this place.
 G = Mean time per level.
                   A        B        C        D        E       F      G
               +--------+--------+--------+--------+--------+-----+--------+
         Total |   5719 |   5363 |    356 |    373 |   3862 |   5 | 1143.8 |
       Dungeon |   5719 |   5363 |    356 |    373 |   3862 |   5 | 1143.8 |
               +--------+--------+--------+--------+--------+-----+--------+

Top non-repeatable levels by time:
     D:3: 1994 daAuts
     D:4: 1317 daAuts
     D:1: 1077 daAuts
     D:2: 844 daAuts
     D:5: 486 daAuts
